 Dungeon Crawl Stone Soup version 0.19-a0-713-g934ebc7 (webtiles) character file.

814 Dorikus the Shield-Bearer (level 7, -2/61 HPs)
             Began as a Hill Orc Fighter on June 19, 2016.
             Shot with an arrow by a centaur (8 damage)
             ... on level 5 of the Dungeon on June 20, 2016.
             The game lasted 00:29:14 (3748 turns).

Dorikus the Shield-Bearer (Hill Orc Fighter)        Turns: 3748, Time: 00:29:14

Health: -2/61      AC: 12    Str: 24    XL:     7   Next: 93%
Magic:  6/6        EV: 10    Int:  8    God:
Gold:   324        SH: 13    Dex: 12    Spells: 0 memorised, 6 levels left

rFire  + . .     SeeInvis .     a - +1 long sword
rCold  . . .     Gourm    .     s - +3 ring mail {rF+}
rNeg   . . .     Faith    .     c - +3 shield
rPois  .         Spirit   .     (helmet restricted)
rElec  .         Dismiss  .     (no cloak)
rCorr  .         Reflect  .     e - +1 pair of gloves {Str+3}
SustAt .         Harm     .     o - +0 pair of boots
MR     .....                    (no amulet)
Stlth  +.........               (no ring)
                                (no ring)

@: not resistant to hostile enchantments, very unstealthy
A: horns 1, low mp 1, strong 1
a: no special abilities


You were on level 5 of the Dungeon.
You were not hungry.

You visited 1 branch of the dungeon, and saw 5 of its levels.

You collected 324 gold pieces.

Inventory:

Hand Weapons
 a - a +1 long sword (weapon)
 h - a +0 dagger of venom
Missiles
 q - 15 arrows
Armour
 c - a +3 shield (worn)
 e - a +1 pair of gloves of strength (worn)
 o - a +0 pair of boots (worn)
 s - a +3 ring mail of fire resistance (worn)
Jewellery
 w - an uncursed ring of poison resistance {unknown}
 x - an uncursed amulet of magic regeneration {unknown}
Wands
 B - a wand of polymorph (23/24)
Scrolls
 m - 2 scrolls of magic mapping
 t - 2 scrolls of amnesia
 u - 2 scrolls of blinking
 y - a scroll of teleportation
Potions
 b - 2 potions of haste
 d - 2 potions of might
 i - a potion of curing {unknown}
 j - a potion of degeneration {unknown}
 k - 4 potions of lignification
 l - 2 potions of cure mutation {unknown}
 r - 2 potions of flight {unknown}
 v - a potion of brilliance {unknown}
 z - a potion of agility {unknown}
 C - a potion of magic {unknown}
Comestibles
 f - 4 bread rations
 p - 3 meat rations
 A - 3 fruits


   Skills:
 * Level 5.6 Fighting
 * Level 4.6 Long Blades
 * Level 5.0 Armour
 + Level 2.6 Dodging
 + Level 0.6 Stealth
 * Level 5.9 Shields


You had 6 spell levels left.
You didn't know any spells.

Dungeon Overview and Level Annotations

Branches:
Dungeon (5/15)
 Temple: D:4-7

Altars:
Ashenzari
Dithmenos
Hepliaklqana
Kikubaaqudgha
Nemelex Xobeh

Annotations:
D:5 Eustachio


Innate Abilities, Weirdness & Mutations

You have a pair of small horns on your head.
Your magical capacity is low. (-10% MP)
Your muscles are strong. (Str +2)


Message History

You block the bat's attack.
The centaur hits you but does no damage.
The centaur wields an uncursed shortbow.
The centaur shoots an arrow.
The arrow hits you.
* * * LOW HITPOINT WARNING * * *
You block the bat's attack.
Eustachio mumbles some strange words.
You see here 2 arrows.
The bat hits you but does no damage.
The centaur shoots an arrow.
You block the arrow. You block the bat's attack. x2
You block the bat's attack. x2
You block the bat's attack. You block the bat's attack.
The bat barely misses you.
The centaur shoots an arrow.
The arrow hits you but does no damage.
You see here an arrow.
You block the bat's attack. The bat hits you but does no damage.
You block the bat's attack.
The centaur shoots an arrow.
The arrow hits you!
You die...

#......#.......# ###.....
#.#.......####.#.##. .......
.##.#......#####.#... # ......
..........#####....... .# #....%
#........###......... ..####.....
...................####..........
###.#..................## #.....
#.#...##.........5.#..# #.(...
..............@.cc..#.#####(.(#
.###...##........b.#@.....##((.#
#... ##...[.....####(#>.#...#
#... #.........# #.(#ยง....# ####
#........## ##(......#
#.........# ####....# #.......[.#
##...# #.........# #...#
#.........# #...#


You could see Eustachio, 2 centaurs, a crimson imp and a bat.

Vanquished Creatures
  Sigmund (D:3)
  A necrophage (D:5)
  An ogre (D:4)
  An orc priest (D:3)
  2 hounds (D:4)
  A centaur skeleton (D:5)
  2 orc wizards (D:3)
  Terence (D:2)
  A worker ant (D:4)
  Ijyb (D:1)
  A killer bee zombie (D:5)
  3 gnolls (D:4)
  7 adders
  An ooze (D:1)
  An adder skeleton (D:4)
  2 worms
  4 dart slugs
  2 giant geckos
  9 orcs
  2 giant cockroaches
  7 goblins
  11 hobgoblins
  12 jackals
  9 kobolds
  4 bats
  6 giant newts
  8 rats
101 creatures vanquished.

Notes
Turn   | Place    | Note
--------------------------------------------------------------
     0 | D:1      | Dorikus the Hill Orc Fighter began the quest for the Orb.
     0 | D:1      | Reached XP level 1. HP: 19/19 MP: 1/1
   188 | D:1      | Reached XP level 2. HP: 25/27 MP: 2/2
   505 | D:1      | Reached XP level 3. HP: 31/33 MP: 3/3
   631 | D:1      | Gained mutation: You have a pair of small horns on your head. [potion of mutation]
   631 | D:1      | Gained mutation: Your magical capacity is low. (-10% MP) [potion of mutation]
   631 | D:1      | Gained mutation: Your muscles are strong. (Str +2) [potion of mutation]
   975 | D:2      | Noticed Ijyb
  1001 | D:1      | Killed Ijyb
  1001 | D:1      | Reached XP level 4. HP: 39/41 MP: 3/3
  1342 | D:2      | Reached XP level 5. HP: 47/47 MP: 4/4
  1358 | D:2      | Upgraded the game from 0.19-a0-700-gd2fa977 to 0.19-a0-713-g934ebc7
  1478 | D:2      | Found an ancient bone altar of Kikubaaqudgha.
  1495 | D:2      | Noticed Terence
  1522 | D:2      | Killed Terence
  1758 | D:3      | Reached skill level 1 in Dodging
  1788 | D:3      | HP: 2/47 [poisoned by an orc wizard]
  2130 | D:3      | Noticed Sigmund
  2153 | D:3      | Killed Sigmund
  2153 | D:3      | Reached skill level 5 in Shields
  2153 | D:3      | Reached XP level 6. HP: 30/53 MP: 5/5
  2468 | D:3      | Found a shadowy altar of Dithmenos.
  2563 | D:3      | Found a hazy altar of Hepliaklqana.
  2563 | D:3      | Found a shattered altar of Ashenzari.
  2582 | D:3      | Reached XP level 7. HP: 60/60 MP: 6/6
  2662 | D:3      | Found a sparkling altar of Nemelex Xobeh.
  2774 | D:4      | Reached skill level 5 in Fighting
  3417 | D:5      | Entered Level 5 of the Dungeon
  3701 | D:5      | Noticed Eustachio
  3731 | D:5      | Reached skill level 5 in Armour
  3748 | D:5      | Shot with an arrow by a centaur

Vault maps used:
D:1:      dpeg_arrival_shelter
D:2:      lemuel_doored_altar, first_bread, uniq_terence, uniq_iyjb
D:3:      grunt_dithmenos_smoke, marbit_many_paths,
          gammafunk_temple_overflow_wave, uniq_sigmund
D:4:      minmay_misc_feat_rows
D:5:      uniq_eustachio

Skill      XL: |  1  2  3  4  5  6  7 |
---------------+----------------------+-----
Fighting       | 4 5 |  5.6
Shields        | 4 5 |  5.9
Long Blades    | 3 4 |  4.6
Armour         | 4 5 |  5.0
Dodging        | 1 2 |  2.6
Stealth        | |  0.6

Action                   |  1- 3 |  4- 6 |  7- 9 || total
-------------------------+-------+-------+-------++-------
Melee: Long sword        |    92 |   159 |   123 ||   374
       Headbutt          |     2 |    28 |    17 ||    47
  Use: Scroll            |     3 |     8 |     4 ||    15
       Potion            |     1 |       |     1 ||     2
  Eat: Chunk             |       |     4 |     3 ||     7
       Beef jerky        |       |     1 |       ||     1
       Pizza             |       |       |     1 ||     1
Armor: Scale mail        |    35 |    27 |       ||    62
       Ring mail         |       |    24 |    65 ||    89
Dodge: Dodged            |    19 |    36 |    86 ||   141
Block: Shield            |    61 |   104 |   144 ||   309
